 Dungeon Crawl Stone Soup version 0.22-a0-422-g9628fc8 (webtiles) character file.

24980 wjh11 the Cleaver (level 12, -1/110 HPs)
             Began as a Minotaur Berserker on May 19, 2018.
             Was a High Priest of Trog.
             Slain by a merfolk
             ... wielding a +0 trident
              (13 damage)
             ... on level 3 of the Lair of Beasts.
             The game lasted 00:33:01 (16462 turns).

wjh11 the Cleaver (Minotaur Berserker)             Turns: 16462, Time: 00:33:02

Health: -1/110     AC: 15    Str: 25    XL:     12   Next: 85%
Magic:  11/11      EV: 16    Int:  4    God:    Trog [*****.]
Gold:   460        SH:  8    Dex: 12    Spells: 11/11 levels left

rFire    . . .     SeeInvis .   a - +0 war axe
rCold    . . .     Gourm    +   D - +2 buckler
rNeg     . . .     Faith    .   P - +2 ring mail {rPois}
rPois    +         Spirit   .   (helmet restricted)
rElec    .         Reflect  .   (no cloak)
rCorr    .         Harm     .   q - +0 pair of gloves
MR       .....                  B - +2 pair of boots
Stlth    +.........             p - amulet of the gourmand
HPRegen  0.28/turn              z - +1 ring of protection
MPRegen  0.12/turn              w - +4 ring of slaying

@: berserk cooldown, slowed, studying Bows, very slow
A: retaliatory headbutt, horns 2
a: Berserk, Trog's Hand, Brothers in Arms, Renounce Religion


You were on level 3 of the Lair of Beasts.
You worshipped Trog.
Trog was extremely pleased with you.
You were not hungry.

You visited 2 branches of the dungeon, and saw 15 of its levels.
You also visited: Labyrinth and Sewer.

You collected 722 gold pieces.
You spent 262 gold pieces at shops.

Inventory:

Hand Weapons
 a - a +0 war axe (weapon)
 b - a +2 falchion of flaming
Armour
 q - a +0 pair of gloves (worn)
 B - a +2 pair of boots (worn)
 D - a +2 buckler (worn)
 F - a +0 plate armour
 P - a +2 ring mail of poison resistance (worn)
Jewellery
 m - an uncursed ring of flight
 p - an amulet of the gourmand (around neck)
 w - a +4 ring of slaying (right hand)
 y - an uncursed ring of protection from magic
 z - a +1 ring of protection (left hand)
Scrolls
 d - 4 scrolls of enchant armour {unknown}
 f - 12 scrolls of identify
 g - 4 scrolls of fog {unknown}
 h - 3 scrolls of fear {unknown}
 j - 9 scrolls of remove curse
 k - 5 scrolls of blinking
 l - 2 scrolls of random uselessness {unknown}
 o - 2 scrolls of teleportation {unknown}
 u - 3 scrolls of magic mapping
 A - a scroll of vulnerability {unknown}
 C - 3 scrolls of enchant weapon {unknown}
 I - 2 scrolls of amnesia {unknown}
 J - 3 scrolls of holy word {unknown}
 M - a scroll of torment {unknown}
Potions
 e - a potion of agility
 i - a potion of degeneration {unknown}
 n - 3 potions of curing
 r - 4 potions of haste {unknown}
 s - 3 potions of berserk rage {unknown}
 t - a potion of ambrosia {unknown}
 x - 2 potions of lignification {unknown}
 E - a potion of invisibility {unknown}
 G - a potion of brilliance {unknown}
 H - 3 potions of flight {unknown}
 K - a potion of heal wounds {unknown}
 O - 2 potions of mutation {unknown}
Books
 v - a manual of Bows
Comestibles
 c - 22 rations


   Skills:
 + Level 11.2 Fighting
 * Level 14.8 Axes
 + Level 11.0 Armour
 + Level 10.1 Dodging
 * Level 10.6 Shields


You had 11 spell levels left.
You didn't know any spells.
Your spell library was empty.

Dungeon Overview and Level Annotations

Branches:
Dungeon (12/15)            Temple (0/1) D:5            Lair (3/6) D:9
 Shoals (0/4) Lair:3          Orc (0/2) D:9
  Snake: Lair:2-4    Spider: Lair:2-4

Altars:
Cheibriados
Elyvilon
Gozag
Okawaru
Qazlal
Ru
Trog
Uskayaw
Vehumet
Wu Jian
Xom
Yredelemnul
Zin
The Shining One

Shops:
D:4 =   D:6 [   D:8 %   D:9 !}*[   D:10 (?[%:

Portals:
Trove: D:12 (give +4 ice dragon scales)


Innate Abilities, Weirdness & Mutations

You reflexively headbutt those who attack you in melee.
You have a pair of horns on your head.


Message History

You hit Rupert.
Rupert is almost dead.
Rupert closely misses you.
The merfolk hits you but does no damage.
You slash Rupert!
You kill Rupert!
Trog accepts your kill.
Your Armour skill increases to level 11!
Your Dodging skill increases to level 10!
The merfolk hits you but does no damage.
Things that are here:
a great sword of holy wrath; a ring mail You barely miss the merfolk.
You headbutt the merfolk!
The merfolk is moderately wounded.
You miss the merfolk. You headbutt the merfolk!!
The merfolk is almost dead.
You are no longer berserk.
You are exhausted.
You feel yourself slow down. The merfolk hits you with a trident!
You die...

#....#...#.#
##.....#....##
##....####....##
##...P## ##....#
##...### ##..)##
##...#####
##...###
##........##
#.....#
###..[.##..#.#
#.....##
#....#####@.#*
####...## #
###....# *#m..#
#..#.... #
#P...?## *...##
###.#... #
###.<.###
##..#** ####..
###....## ##≈.,*
#.$ ##..†.##
*.≈.** ###
##....# *#≈.,* #
#(...P# *≈≈.** #
†..P### **≈*,*


You could see a merfolk.

Vanquished Creatures
  Rupert (Lair:3)
  A minotaur (Lab)
  Josephine (D:11)
  3 hydras
  The ghost of Labyrinthine the Skirmisher, a novice TrAr (D:7)
  2 ugly things
  2 cyclopes (D:11)
  2 black mambas
  A centaur zombie (D:12)
  Psyche (D:8)
  A centaur skeleton (D:12)
  2 spiny frogs
  3 rime drakes
  4 komodo dragons
  A polar bear (Lair:3)
  Grinder (D:6)
  5 hippogriffs
  2 dream sheep (D:9)
  Sigmund (D:5)
  A shadow (D:11)
  2 wyverns
  15 yaks
  5 wraiths (D:11)
  A basilisk (Lair:3)
  3 vampire mosquitoes (D:12)
  6 water moccasins
  A soldier ant (D:11)
  5 porcupines
  4 orc warriors
  An ice beast (D:8)
  A hornet zombie (D:7)
  2 sky beasts
  The ghost of sparklingmilk the Covered, an amateur MiFi (D:3)
  3 black bears
  A necrophage (D:7)
  3 phantoms
  4 ogres
  3 centaurs
  11 crocodiles
  3 big kobolds (D:9)
  9 bullfrogs
  4 scorpions
  8 killer bees
  5 howler monkeys
  9 wights (D:7)
  3 crimson imps
  A bullfrog zombie (D:7)
  4 jellies
  2 quasits
  5 orc priests
  6 hounds
  A bullfrog skeleton (D:10)
  3 orc wizards
  An iguana (D:6)
  7 worker ants
  A hound zombie (D:5)
  2 hound skeletons (D:8)
  4 worker ant zombies
  7 gnolls
  15 adders
  A shadow imp (D:9)
  An ooze (D:1)
  An adder zombie (D:7)
  2 worms
  5 dart slugs
  4 leopard geckos
  19 orcs
  4 bats (D:1)
  7 giant cockroaches
  4 goblins
  5 hobgoblins
  9 jackals (D:7)
  5 quokkas
  8 ball pythons
  14 frilled lizards
  9 kobolds
  A leopard gecko skeleton (D:4)
  5 rats
  A plant (D:9)
313 creatures vanquished.

Vanquished Creatures (collateral kills)
  A deep elf mage (D:12)
  An ice beast (D:12)
  An iguana (D:12)
  An orc wizard (D:12)
4 creatures vanquished.

Vanquished Creatures (others)
  3 fungi
  A plant (Lair:2)
4 creatures vanquished.

Grand Total: 321 creatures vanquished

Notes
Turn   | Place    | Note
-------+----------+-------------------------------------------
     0 | D:1      | wjh11 the Minotaur Berserker began the quest for the Orb.
     0 | D:1      | Reached XP level 1. HP: 19/19 MP: 0/0
   327 | D:1      | Reached XP level 2. HP: 27/27 MP: 1/1
   382 | D:1      | Reached skill level 4 in Axes
   846 | D:1      | Reached XP level 3. HP: 33/33 MP: 2/2
  1323 | D:2      | Reached ** piety under Trog
  1442 | D:2      | Reached XP level 4. HP: 37/40 MP: 3/3
  1647 | D:3      | Found a stormy altar of Qazlal.
  1681 | D:3      | Reached skill level 5 in Axes
  1742 | D:3      | Noticed sparklingmilk's ghost (amateur MiFi)
  1754 | D:3      | Killed sparklingmilk's ghost
  1754 | D:3      | Reached XP level 5. HP: 47/47 MP: 4/4
  2134 | D:3      | Found a glowing drain.
  2150 | Sewer    | Entered a sewer
  2265 | Sewer    | Reached *** piety under Trog
  2318 | Sewer    | Reached skill level 5 in Fighting
  2318 | Sewer    | Reached skill level 6 in Axes
  2318 | Sewer    | Reached XP level 6. HP: 55/56 MP: 5/5
  3071 | D:4      | Found Uruery's Jewellery Shoppe.
  3122 | D:4      | Reached XP level 7. HP: 50/61 MP: 6/6
  3231 | D:4      | Reached skill level 7 in Axes
  3614 | D:5      | Entered Level 5 of the Dungeon
  3648 | D:5      | HP: 3/93 [orc warrior/war axe (9)]
  3649 | D:5      | Reached skill level 5 in Armour
  4115 | D:5      | Noticed an angel
  4116 | D:5      | Found a glowing silver altar of Zin.
  4117 | D:5      | Found a shimmering altar of Xom.
  4177 | D:5      | Noticed Sigmund
  4182 | D:5      | Found a staircase to the Ecumenical Temple.
  4194 | D:5      | Killed Sigmund
  4194 | D:5      | Reached skill level 8 in Axes
  4194 | D:5      | Reached skill level 5 in Dodging
  4194 | D:5      | Reached XP level 8. HP: 30/70 MP: 7/7
  4610 | D:5      | Found a glowing golden altar of the Shining One.
  4968 | D:6      | Found an opulent altar of Gozag.
  5264 | D:6      | Found a radiant altar of Vehumet.
  5298 | D:6      | Found Gisaibeic's Armour Shoppe.
  5309 | D:6      | Bought a +2 buckler for 165 gold pieces
  5488 | D:6      | Reached skill level 9 in Axes
  5725 | D:6      | Noticed Grinder
  5734 | D:6      | Killed Grinder
  6288 | D:7      | Reached XP level 9. HP: 67/79 MP: 8/8
  6294 | D:7      | Reached **** piety under Trog
  6303 | D:7      | HP: 2/118 [orc warrior/vampiric trident (14)]
  6344 | D:7      | Noticed Labyrinthine's ghost (novice TrAr)
  6377 | D:7      | Killed Labyrinthine's ghost
  6377 | D:7      | Reached skill level 10 in Axes
  6846 | D:7      | Found an ornate altar of the Wu Jian Council.
  7360 | D:7      | Reached skill level 11 in Axes
  7882 | D:8      | Found a white marble altar of Elyvilon.
  7941 | D:8      | Found Labb's Food Shoppe.
  8027 | D:8      | Reached skill level 1 in Shields
  8027 | D:8      | Reached XP level 10. HP: 74/90 MP: 9/9
  8116 | D:8      | Noticed Psyche
  8125 | D:8      | Killed Psyche
  8201 | D:8      | Found a sacrificial altar of Ru.
  8534 | D:8      | Found an iron altar of Okawaru.
  8537 | D:8      | Found a bloodstained altar of Trog.
  8661 | D:8      | Found a hide-covered altar of Uskayaw.
  8662 | D:8      | Found a basalt altar of Yredelemnul.
  8759 | D:9      | Found Xazo's Distillery.
  8912 | D:9      | Found a staircase to the Lair.
  8974 | D:9      | Reached skill level 12 in Axes
  9292 | D:9      | Found Cojurchu's Gadget Shop.
  9292 | D:9      | Found Ruemeyf's General Store.
  9532 | D:9      | Found a staircase to the Orcish Mines.
  9604 | D:9      | Reached skill level 5 in Shields
  9630 | D:9      | Noticed a three-headed hydra
  9641 | D:9      | Killed a nine-headed hydra
  9649 | D:9      | Got a slimy halberd
  9737 | D:9      | Found a snail-covered altar of Cheibriados.
  9885 | D:9      | Found Qeduch's Armour Emporium.
  9942 | D:10     | Entered Level 10 of the Dungeon
 10111 | D:10     | Reached XP level 11. HP: 94/97 MP: 10/10
 10148 | D:10     | Found Zuqosty's Book Shoppe.
 10645 | D:10     | Found Biofisid's Weapon Emporium.
 10677 | D:10     | You fall through a shaft for 2 floors!
 10687 | D:12     | Noticed a deep elf mage
 10762 | D:12     | Found a portal to a secret trove of treasure.
 10804 | D:12     | Killed a deep elf mage
 10908 | D:10     | Found Vuppib's Magic Scroll Boutique.
 10918 | D:10     | Bought a scroll of magic mapping for 45 gold pieces
 10918 | D:10     | Bought a scroll of identify for 26 gold pieces
 10918 | D:10     | Bought a scroll of identify for 26 gold pieces
 10947 | D:10     | Found Zammool's Antique Armour Shop.
 11229 | D:10     | Found Iklymeq's Food Shoppe.
 11560 | D:11     | Reached skill level 13 in Axes
 11875 | D:11     | Reached ***** piety under Trog
 11875 | D:11     | Reached skill level 10 in Fighting
 12194 | D:11     | Noticed Josephine
 12217 | D:11     | Killed Josephine
 12438 | D:11     | Noticed a white ugly thing
 12438 | D:11     | Noticed a white ugly thing
 12474 | D:10     | Killed a white ugly thing
 12659 | D:11     | Killed a white ugly thing
 12659 | D:11     | Reached skill level 10 in Armour
 13071 | D:11     | Identified the +6 halberd "Osustrik" {flame, *Noise +Blink Str-3 Int+9} (You found it on level 9 of the Dungeon)
 13219 | Lair:1   | Entered Level 1 of the Lair of Beasts
 13638 | Lair:1   | Noticed a six-headed hydra
 13665 | Lair:1   | Killed a three-headed hydra
 13665 | Lair:1   | Reached XP level 12. HP: 107/107 MP: 11/11
 15276 | Lair:2   | Reached skill level 14 in Axes
 15674 | Lair:3   | Noticed a seven-headed hydra
 15683 | Lair:3   | Killed a three-headed hydra
 15733 | Lair:3   | Found a labyrinth entrance.
 15745 | Lab      | Entered a labyrinth
 15954 | Lab      | Noticed a minotaur
 15967 | Lab      | Killed a minotaur
 15967 | Lab      | Reached skill level 10 in Shields
 15977 | Lab      | Got an ebony rapier
 15978 | Lab      | Identified the cursed +1 rapier "Ziorgh" {antimagic, Int+2} (You found it in a labyrinth)
 16440 | Lair:3   | Noticed Rupert
 16459 | Lair:3   | Killed Rupert
 16459 | Lair:3   | Reached skill level 10 in Dodging
 16462 | Lair:3   | Slain by a merfolk

Vault maps used:
D:1:      dpeg_arrival_rooms_c, minmay_split_cup_small
D:3:      lemuel_crystal_altar, portal_sewer_entry_c, first_ration
D:4:      serial_shops, shop_statue, hex_large, lemuel_old_faithful
D:5:      grunt_temple_overflow_order_and_chaos_1,
          nicolae_overflow_crystal_walls, temple_hall, uniq_sigmund
D:6:      lemuel_crystal_altar, lemuel_doored_altar, serial_shops, shop_statue,
          grunt_ministairs_9, minmay_small_thing, uniq_grinder
D:7:      overflow_temple_1_default
D:8:      old_standard_altar, minitemple, basic_altar, serial_shops, shop,
          uniq_psyche
D:9:      lemuel_crystal_altar, minmay_lair_entry_grove, serial_shops,
          nicolae_shop_waterfront, shop, nicolae_shop_window_shopping, shop,
          hangedman_ranch
D:10:     serial_shops, shop, shop, shop, shop_scrolls, shop_fountains,
          kennysheep_small_square
D:11:     uniq_josephine
D:12:     enter_trove_1, minivault_5
Lair:1:   grunt_megastairs_4, serial_bayou_shore_a
Lair:3:   elwin_shoals_entry_stream, lab_entry_generic, uniq_rupert
Lab:      labyrinth_green
Sewer:    sewer_frog_island_01

Skill      XL: |  1  2  3  4  5  6  7  8  9 10 11 12 |
---------------+-------------------------------------+-----
Axes           | 4 5 6 8 9 11 12 13 14 | 14.8
Fighting       | 4 5 6 7 8 9 10 11 | 11.2
Armour         | 3 4 5 6 8 9 10 11 | 11.0
Dodging        | 3 4 5 6 7 8 9 10 | 10.1
Shields        | 1 5 8 10 | 10.6

Action                   |  1- 3 |  4- 6 |  7- 9 | 10-12 || total
-------------------------+-------+-------+-------+-------++-------
Melee: Hand axe          |    78 |    27 |       |       ||   105
       Headbutt          |    14 |    17 |    56 |   133 ||   220
       War axe           |       |    94 |   254 |   554 ||   902
       Falchion          |       |       |       |     9 ||     9
Invok: Berserk           |       |     1 |     3 |    11 ||    15
       Trog's Hand       |       |       |       |     3 ||     3
       Brothers in Arms  |       |       |       |     1 ||     1
  Use: Scroll            |       |       |     3 |     3 ||     6
       Potion            |       |       |     1 |       ||     1
  Eat: Chunk             |     2 |     6 |    24 |    36 ||    68
       Ration            |       |       |     1 |       ||     1
Armor: Animal skin       |     3 |       |       |       ||     3
       Ring mail         |    14 |    44 |    71 |    24 ||   153
       Chain mail        |       |       |    13 |       ||    13
       Plate armour      |       |       |       |   248 ||   248
Dodge: Dodged            |    44 |    73 |   158 |   255 ||   530
Block: Buckler           |       |    10 |    26 |   167 ||   203

Table legend:
 A = Spawn XP
 B = Non-spawn XP
 C = Spawn XP percentage of total XP
 D = Spawn monster count
 E = Non-spawn monster count
 F = Spawn count percentage of total count
 G = Total turns spent on level
                    A         B        C        D         E        F      G
               +---------+---------+-------+---------+---------+-------+---------
         Total |       0 |   35687 |   0.0 |       0 |     316 |   0.0 | 16462
               +---------+---------+-------+---------+---------+-------+---------
           D:1 |       0 |      50 |   0.0 |       0 |      26 |   0.0 |  1177
           D:2 |       0 |      66 |   0.0 |       0 |      14 |   0.0 |   468
           D:3 |       0 |     229 |   0.0 |       0 |      17 |   0.0 |   589
           D:4 |       0 |     425 |   0.0 |       0 |      16 |   0.0 |  1357
           D:5 |       0 |    1030 |   0.0 |       0 |      21 |   0.0 |   854
           D:6 |       0 |     615 |   0.0 |       0 |      13 |   0.0 |  1354
           D:7 |       0 |    2813 |   0.0 |       0 |      44 |   0.0 |  1575
           D:8 |       0 |    1136 |   0.0 |       0 |      17 |   0.0 |  1091
           D:9 |       0 |    4349 |   0.0 |       0 |      28 |   0.0 |  1514
          D:10 |       0 |    1448 |   0.0 |       0 |      12 |   0.0 |  1322
          D:11 |       0 |    5940 |   0.0 |       0 |      34 |   0.0 |  1677
          D:12 |       0 |    2158 |   0.0 |       0 |      12 |   0.0 |   202
        Lair:1 |       0 |    2907 |   0.0 |       0 |      11 |   0.0 |  1099
        Lair:2 |       0 |    3644 |   0.0 |       0 |      14 |   0.0 |  1021
        Lair:3 |       0 |    7551 |   0.0 |       0 |      18 |   0.0 |   540
           Lab |       0 |    1200 |   0.0 |       0 |       1 |   0.0 |   248
         Sewer |       0 |     126 |   0.0 |       0 |      18 |   0.0 |   374
               +---------+---------+-------+---------+---------+-------+---------
